 Dungeon Crawl Stone Soup version 0.27-a0-498-g7ecbb0a48f (webtiles) character file.

Game seed: 2558996186740884699

17278 siradein the Prestidigitator (level 12, -1/88 HPs)
             Began as a Demonspawn Artificer on Mar 3, 2021.
             Was a Priest of Nemelex Xobeh.
             Hit by a silver javelin thrown by a minotaur (3 damage)
             ... in a Gauntlet.
             The game lasted 01:02:29 (14549 turns).

siradein the Prestidigitator (DsAr)                Turns: 14549, Time: 01:02:31

Health: -1/88      AC: 24    Str: 13    XL:     12   Next: 17%
Magic:  16/16      EV: 12    Int: 14    God:    Nemelex Xobeh [***...]
Gold:   247        SH: 11    Dex: 17    Spells: 11/11 levels left

rFire    + . .     SeeInvis .   T - +6 battleaxe (freeze)
rCold    . . .     Faith    .   (shield currently unavailable)
rNeg     . . .     Spirit   .   C - +1 plate armour of Cheibriados's Approval {rPois}
rPois    +         Reflect  +   (helmet unavailable)
rElec    +         Harm     .   R - +1 cloak
rCorr    .         Rampage  +   f - +0 pair of gloves
Will     .....     NoTele   +   N - +1 pair of boots {rampage}
Stlth    ..........             L - amulet of reflection
HPRegen  0.24/turn              j - +4 ring of protection
MPRegen  0.15/turn              G - ring of Xufoem {rElec rF+}

@: agile, berserk cooldown, slowed, very slow
A: horns 3, large bone plates 2, powered by pain 2, spiny 1
a: Renounce Religion, Draw Escape, Draw Destruction, Draw Summoning, Triple Draw


You were in a Gauntlet.
You worshipped Nemelex Xobeh.
Nemelex Xobeh was most pleased with you.
You visited 3 branches of the dungeon, and saw 13 of its levels.
You also visited: Sewer and Gauntlet.

You collected 785 gold pieces.
You spent 538 gold pieces at shops.

Inventory:

Hand Weapons
 p - a +2 vorpal war axe
 q - a +3 hunting sling
 D - a +0 shortbow
 J - a +0 hand crossbow
 K - a +2 arbalest
 T - a +6 battleaxe of freezing (weapon)
Missiles
 b - 8 javelins
 g - 535 stones
 h - 306 arrows
 k - 67 sling bullets
 m - 63 poisoned darts (quivered)
 n - 31 bolts
 A - a throwing net
 F - a curare-tipped dart
Armour
 f - a +0 pair of gloves (worn)
 C - the +1 plate armour of Cheibriados's Approval (worn) {rPois}
   (You found it on level 1 of the Lair of Beasts)

   It protects you from poison.
 N - a +1 pair of boots of rampaging (worn)
 O - +0 acid dragon scales
 R - a +1 cloak (worn)
 S - the +0 mask of the Dragon {Will+ Slay+3 SInv}
   (You found it on level 8 of the Dungeon)

   It affects your accuracy and damage with ranged weapons and melee attacks
   (+3).
   It affects your willpower, your defense against some magical effects.
   It lets you see invisible.
 W - a +0 buckler
Jewellery
 j - a +4 ring of protection (left hand)
 G - the ring of Xufoem (right hand) {rElec rF+}
   (You found it in a Gauntlet)

   [ring of protection from fire]

   It protects you from fire.
   It insulates you from electricity.
 L - an amulet of reflection (around neck)
 P - an amulet of guardian spirit
Wands
 c - a wand of flame (15)
 d - a wand of charming (22)
 e - a wand of random effects (10)
 r - a wand of acid (17)
 Q - a wand of iceblast (5)
Scrolls
 a - 5 scrolls of blinking
 o - a scroll of immolation
 s - 4 scrolls of magic mapping
 u - 3 scrolls of amnesia
 y - 4 scrolls of teleportation
 V - a scroll of holy word
 X - a scroll of fog
 Z - 2 scrolls of identify
Potions
 i - 7 potions of attraction
 l - a potion of heal wounds
 t - a potion of brilliance
 v - a potion of lignification
 w - 2 potions of magic
 x - a potion of haste
 z - 2 potions of invisibility
 B - a potion of mutation
 E - 3 potions of curing
 M - a potion of resistance
 U - 3 potions of flight
 Y - 2 potions of might {unknown}
Miscellaneous
 I - a phial of floods


   Skills:
 + Level 6.1 Fighting
 + Level 7.8(7.9) Axes
 - Level 1.4(5.1) Maces & Flails
 + Level 3.8 Bows
 + Level 5.2 Crossbows
 + Level 8.0 Armour
 + Level 7.8 Dodging
 - Level 0.8 Stealth
 + Level 5.3 Invocations
 + Level 9.3 Evocations


You had 11 spell levels left.
You didn't know any spells.
Your spell library contained the following spells:

 Spells                   Type           Power        Failure   Level
 Magic Dart               Conj           0%           100%        1
 Searing Ray              Conj           0%           100%        2
 Dazzling Flash           Conj/Hex       0%           100%        3
 Fulminant Prism          Conj/Hex       0%           100%        4
 Iskenderun's Mystic Bla  Conj/Tloc      0%           100%        4


Dungeon Overview and Level Annotations

Branches:
Dungeon (10/15)            Temple (1/1) D:6            Lair (2/6) D:8
 Spider (0/4) Lair:2        Sewer (visited)         Gauntlet (1/1)
  Swamp: Lair:2-4    Shoals: Lair:2-4       Orc: D:9-12

Altars:
Ashenzari
Cheibriados
Dithmenos
Elyvilon
Fedhas
Gozag
Hepliaklqana
Kikubaaqudgha
Makhleb
Nemelex Xobeh
Okawaru
Qazlal
Ru
Sif Muna
Trog
Uskayaw
Vehumet
Wu Jian
Xom
Yredelemnul
Zin
The Shining One
Beogh

Shops:
D:4 *   D:7 ?

Annotations:
Gauntlet 6 transporters


Innate Abilities, Weirdness & Mutations

You have a pair of large horns on your head.
You are mostly covered in large bone plates. (SH +6)
You sometimes gain power by taking damage.
You are partially covered in sharp spines.


Message History

You block the minotaur's attack. The minotaur closely misses you.
The minotaur hits you with a +2 vampiric trident!
The minotaur gores you!
* * * LOW HITPOINT WARNING * * *
You feel much better.
The minotaur hits you with a +2 vampiric trident!!
* * * LOW HITPOINT WARNING * * *
You block the minotaur's attack. The minotaur is struck by your spines.
Flame seeps out of the minotaur.
The minotaur hits you with a +2 vampiric trident.
* * * LOW HITPOINT WARNING * * *
The minotaur draws strength from your wounds!
The minotaur closely misses you.
The minotaur hits you but does no damage.
You start resting.
You block the minotaur's attack. The minotaur gores you.
* * * LOW HITPOINT WARNING * * *
You block the minotaur's attack.
The minotaur hits you but does no damage.
You feel much better. The minotaur is struck by your spines.
Flame seeps out of the minotaur.
The minotaur closely misses you.
The minotaur gores you but does no damage.
The minotaur is engulfed in blazing flames.
Flame seeps out of the minotaur.
The minotaur hits you from afar with a +2 vampiric trident!
The minotaur hits you but does no damage.
Throw: 64 darts (poison)
Press: ? - help, Q - select action, (/) - cycle Shift-Dir - straight line, f/p - minotaur
Aim: a minotaur, wielding a +2 vampiric trident, wearing +0 gold dragon scales, wearing a +1 kite shield of protection, wearing a +6 ring of dexterity and quivering silver javelins (lightly wounded, inner flame, 78% to hit)
You throw a poisoned dart. The minotaur blocks the poisoned dart.
You block the minotaur's attack.
The minotaur hits you from afar with a +2 vampiric trident!!
* * * LOW HITPOINT WARNING * * *
The minotaur draws strength from your wounds!
The minotaur throws a silver javelin.
The silver javelin pierces through you!
* * * LOW HITPOINT WARNING * * *
The silver sears you!
* * * LOW HITPOINT WARNING * * *
The minotaur throws a silver javelin.
The silver javelin pierces through you.
You die...
Your body glows slightly and disappears.

###8.#8. #.8### #....#..
#....# #.#..#8. #..#.#
#.#..##'##..#(#
#.............#
#.#.##.#.##.#H#
#.#....#....#.#
###.#.#######.#.###
#≈............@..≈# #
#8.8.8..©.©..8.8.8# ### #
#≈...............≈# #8#
###########################
..........≈∩≈............≈###
..........................#8#
##########...###########..###
....©....#...#..[$©=...#..#
.=.......#...#...#.#...#..###


You could see a minotaur (inner flame).

Vanquished Creatures
  A centaur warrior (D:9)
  Erica (D:9)
  2 two-headed ogres
  Maurice (D:8)
  A rime drake (Lair:2)
  Maggie (D:7)
  A komodo dragon (Lair:1)
  A kobold demonologist (D:10)
  An ice devil (Gauntlet)
  4 polar bears
  A queen bee (Gauntlet)
  Prince Ribbit (D:7)
  Sigmund (D:5)
  11 flying skulls (Gauntlet)
  2 wyverns (D:8)
  12 yaks
  4 basilisks
  A steam dragon (D:8)
  Grum (D:8)
  An acid dragon (D:8)
  4 water moccasins
  An ice beast (D:9)
  2 orc warriors (D:9)
  A sky beast (D:5)
  5 ogres
  17 wolves
  5 centaurs
  2 phantoms
  A kobold brigand (D:10)
  11 bullfrogs
  6 scorpions
  9 killer bees
  10 wights (D:9)
  7 howler monkeys
  A bullfrog zombie (D:10)
  4 hounds
  6 orc priests
  2 centaur skeletons
  2 gnoll shamans
  6 worker ants
  9 orc wizards
  3 hound skeletons
  11 gnolls
  A howler monkey skeleton (D:6)
  14 adders
  6 white imps
  2 ufetubi (D:7)
  4 oozes
  6 adder skeletons
  3 worms
  11 leopard geckos
  60 orcs
  4 ball pythons
  8 bats
  16 giant cockroaches
  7 goblins
  6 hobgoblins
  13 jackals
  17 kobolds
  8 quokkas
  13 frilled lizards
  A leopard gecko skeleton (D:7)
  14 rats
388 creatures vanquished.

Vanquished Creatures (others)
  4 demonic plants (Gauntlet)
  3 fungi (Lair:2)
  A plant (D:2)
8 creatures vanquished.

Grand Total: 396 creatures vanquished

Notes
Turn   | Place    | Note
-------+----------+-------------------------------------------
     0 | D:1      | siradein the Demonspawn Artificer began the quest for the
                  | Orb.
     0 | D:1      | Reached XP level 1. HP: 15/15 MP: 1/1
   386 | D:1      | Reached skill level 1 in Maces & Flails
   386 | D:1      | Gained mutation: You have a pair of small horns on your
                  | head. [demonic ancestry]
   386 | D:1      | Reached XP level 2. HP: 21/21 MP: 2/2
  1064 | D:1      | Gained mutation: You are partially covered in sharp spines.
                  | [demonic ancestry]
  1064 | D:1      | Reached XP level 3. HP: 26/26 MP: 3/3
  1188 | D:1      | Reached skill level 1 in Dodging
  1436 | D:2      | Reached skill level 1 in Axes
  1452 | D:2      | Reached XP level 4. HP: 25/32 MP: 4/4
  1711 | D:2      | Reached skill level 4 in Evocations
  1783 | D:2      | Found an iron altar of Okawaru.
  2509 | D:3      | Gained mutation: You sometimes gain a little power by
                  | taking damage. [demonic ancestry]
  2509 | D:3      | Reached XP level 5. HP: 37/37 MP: 5/5
  2531 | D:3      | Noticed an ogre
  2547 | D:3      | Killed an ogre
  3092 | D:3      | You fall into a shaft and drop 2 floors!
  3092 | D:5      | Entered Level 5 of the Dungeon
  3092 | D:5      | Noticed a two-headed ogre
  3122 | D:4      | Gained mutation: You have a pair of horns on your head.
                  | [demonic ancestry]
  3122 | D:4      | Reached XP level 6. HP: 27/43 MP: 6/6
  3202 | D:4      | Found a glowing drain.
  3336 | Sewer    | Entered a sewer
  3855 | D:4      | Found Ecza's Assorted Antiques.
  3894 | D:4      | Reached skill level 5 in Evocations
  3894 | D:4      | Gained mutation: You are partially covered in large bone
                  | plates. (SH +4) [demonic ancestry]
  3894 | D:4      | Reached XP level 7. HP: 48/48 MP: 7/7
  3913 | D:4      | Found a shadowy altar of Dithmenos.
  5502 | D:5      | Noticed Sigmund
  5515 | D:5      | Killed Sigmund
  5579 | D:5      | Gained mutation: You sometimes gain power by taking damage.
                  | [demonic ancestry]
  5579 | D:5      | Reached XP level 8. HP: 39/54 MP: 8/8
  5942 | D:5      | Identified the +2 robe of Circular Logic {Regen+ Int-3
                  | Dex+4 SInv}
  6269 | D:6      | Found a staircase to the Ecumenical Temple.
  6372 | Temple   | Entered the Ecumenical Temple
  6517 | D:6      | Reached skill level 6 in Evocations
  6838 | D:6      | Found a white marble altar of Elyvilon.
  7142 | D:7      | Noticed Prince Ribbit
  7328 | D:7      | Found a runed translucent door.
  7360 | D:7      | Reached skill level 5 in Armour
  7497 | D:7      | Found Muzediudd's Magic Scroll Emporium.
  7519 | D:7      | Reached skill level 5 in Dodging
  7533 | D:7      | Killed Prince Ribbit
  7534 | D:7      | Reached skill level 5 in Axes
  7534 | D:7      | Reached XP level 9. HP: 53/59 MP: 9/9
  7581 | D:7      | Noticed Maggie
  7602 | D:7      | Killed Maggie
  7603 | D:7      | Reached skill level 7 in Evocations
  8133 | D:7      | Found a roughly hewn altar of Beogh.
  8189 | D:8      | Reached skill level 1 in Crossbows
  8193 | D:8      | Found a sparkling altar of Nemelex Xobeh.
  8206 | D:8      | Became a worshipper of Nemelex Xobeh the Trickster
  8282 | D:8      | Found a hazy altar of Hepliaklqana.
  8361 | D:8      | Noticed Grum
  8376 | D:8      | Killed Grum
  8619 | D:8      | Gained mutation: You are mostly covered in large bone
                  | plates. (SH +6) [demonic ancestry]
  8619 | D:8      | Reached XP level 10. HP: 25/70 MP: 10/10
  8934 | D:8      | Found a staircase to the Lair.
  8980 | D:8      | Found a radiant altar of Vehumet.
  8981 | D:8      | Found a sacrificial altar of Ru.
  9186 | D:8      | Noticed Maurice
  9201 | D:8      | Killed Maurice
  9202 | D:8      | Reached skill level 8 in Evocations
  9292 | D:8      | Found the +0 mask of the Dragon {Will+ Slay+3 SInv}
  9365 | D:8      | Reached * piety under Nemelex Xobeh
  9698 | D:4      | Killed a two-headed ogre
  9833 | D:9      | Received a gift from Nemelex Xobeh
 10016 | D:9      | Noticed Erica
 10321 | D:9      | Killed Erica
 10322 | D:9      | Reached skill level 1 in Bows
 10322 | D:9      | Reached skill level 1 in Invocations
 10632 | D:9      | Reached XP level 11. HP: 50/78 MP: 12/12
 10848 | D:9      | Noticed a centaur warrior
 10850 | D:9      | Noticed a two-headed ogre
 10859 | D:9      | Killed a centaur warrior
 10985 | D:9      | Killed a two-headed ogre
 11588 | D:10     | Entered Level 10 of the Dungeon
 11608 | D:10     | Noticed a sun demon
 11609 | D:10     | Noticed a sixfirhy
 11731 | D:10     | Reached skill level 5 in Fighting
 11994 | D:10     | Received a gift from Nemelex Xobeh
 12185 | D:10     | Reached ** piety under Nemelex Xobeh
 12375 | D:7      | Bought a scroll of identify for 24 gold pieces
 12378 | D:7      | Bought a scroll of identify for 24 gold pieces
 12378 | D:7      | Bought a scroll of identify for 24 gold pieces
 12378 | D:7      | Bought a scroll of identify for 24 gold pieces
 12483 | D:4      | Bought a scroll of enchant armour for 195 gold pieces
 12483 | D:4      | Bought a scroll of enchant weapon for 195 gold pieces
 12483 | D:4      | Bought a scroll of identify for 52 gold pieces
 12637 | Lair:1   | Entered Level 1 of the Lair of Beasts
 12789 | Lair:1   | Identified the +1 plate armour of Cheibriados's Approval
                  | {rPois}
 12837 | Lair:1   | Reached skill level 9 in Evocations
 13405 | Lair:1   | Received a gift from Nemelex Xobeh
 13674 | Lair:2   | Found a hole to the Spider Nest.
 13685 | Lair:2   | Found a gate leading to a gauntlet.
 13692 | Lair:2   | Reached skill level 5 in Crossbows
 13752 | Gauntlet | Entered a Gauntlet
 13752 | Gauntlet | Found a transporter.
 13752 | Gauntlet | Found a transporter.
 13752 | Gauntlet | Found a transporter.
 13773 | Gauntlet | Found a transporter.
 13783 | Gauntlet | Found a transporter.
 13787 | Gauntlet | Found a transporter.
 13799 | Gauntlet | Found a transporter.
 13814 | Gauntlet | Noticed a ghost crab
 13818 | Gauntlet | Found a transporter.
 13835 | Gauntlet | Found a transporter.
 13839 | Gauntlet | Found a transporter.
 13849 | Gauntlet | Found a transporter.
 13853 | Gauntlet | Found a transporter.
 14233 | Gauntlet | Reached skill level 5 in Invocations
 14233 | Gauntlet | Gained mutation: You have a pair of large horns on your
                  | head. [demonic ancestry]
 14233 | Gauntlet | Reached XP level 12. HP: 87/87 MP: 15/15
 14472 | Gauntlet | Identified the ring of Xufoem {rElec rF+}
 14488 | Gauntlet | Reached *** piety under Nemelex Xobeh
 14508 | Gauntlet | Noticed a minotaur
 14549 | Gauntlet | HP: 2/88 [minotaur/silver javelin (5)]
 14549 | Gauntlet | Hit by a silver javelin thrown by a minotaur

Illustrated notes

Levels and vault maps discovered:
D:1:      ncdulo_halloftheorcs, layout_loops_cross
D:2:      layout_rooms, marbit_many_paths, serial_forest,
          infiniplex_forest_zigzag_1, infiniplex_forest_straight_4,
          infiniplex_forest_straight_2, infiniplex_forest_3_way,
          infiniplex_forest_side_room, infiniplex_forest_lined_corner,
          infiniplex_forest_clump_double
D:3:      layout_basic
D:4:      layout_rooms, grunt_dithmenos_smoke, gup_sewer_entry_pipe,
          serial_shops, shop
D:5:      layout_cave_pods, uniq_sigmund
D:6:      layout_basic, minmay_temple_entry_drinking_statues, basic_altar
D:7:      layout_basic, serial_shops, shop, lightli_church_of_beogh,
          uniq_maggie, uniq_prince_ribbit1
D:8:      layout_basic, nemelex_xobeh_ov_fountains_minmay,
          general_overflow_altar, gammafunk_temple_overflow_statue,
          erik_lair_dragon, uniq_maurice, uniq_grum
D:9:      layout_roguey [special_room_orc], kennysheep_generic_room_12,
          uniq_erica
D:10:     layout_basic, kennysheep_generic_room_15
Temple:   nicolae_temple_x_marks_the_god
Lair:1:   layout_hall_layers, nicolae_lair_grove_arrangements
Lair:2:   layout_small_grid, dummy_spider_entry, gauntlet_entry_generic
Gauntlet: gammafunk_gauntlet_hard_choice [gammafunk_gauntlet_arena_mazey,
          gammafunk_gauntlet_arena_spirals, nicolae_gauntlet_arena_quarters,
          nicolae_gauntlet_arena_grate_2, gammafunk_gauntlet_arena_teeth,
          nicolae_gauntlet_arena_t_cross,
          nicolae_gauntlet_exit_dead_adventurers]

Skill      XL: |  1  2  3  4  5  6  7  8  9 10 11 12 |
---------------+-------------------------------------+-----
Maces & Flails | 1 |  1.4
Dodging        | 1 2 3 5 6 7 |  7.8
Armour         | 2 3 4 5 6 7 8 |  8.0
Axes           | 1 2 3 5 6 7 |  7.8
Evocations     | 4 5 6 7 8 9 |  9.3
Crossbows      | 2 3 5 |  5.2
Fighting       | 3 4 5 6 |  6.1
Bows           | 1 3 |  3.8
Invocations    | 2 5 |  5.3
Stealth        | |  0.8

Action                   |  1- 3 |  4- 6 |  7- 9 | 10-12 || total
-------------------------+-------+-------+-------+-------++-------
Melee: Club              |    97 |       |       |       ||    97
       Hand axe          |    45 |   145 |       |       ||   190
       Headbutt          |    11 |    15 |    45 |    65 ||   136
       War axe           |       |    12 |   268 |    83 ||   363
       Battleaxe         |       |       |       |   278 ||   278
 Fire: Hunting sling     |       |     5 |       |     3 ||     8
       Arbalest          |       |       |       |     3 ||     3
Throw: Javelin           |       |     6 |       |       ||     6
       Dart              |       |       |       |     1 ||     1
Evoke: Wand              |       |     1 |     1 |     3 ||     5
  Use: Scroll            |     2 |     5 |     2 |    17 ||    26
       Potion            |       |       |       |     5 ||     5
 Stab: Sleeping          |     4 |     1 |     1 |     4 ||    10
       Petrified         |       |       |       |     9 ||     9
Armor: Leather armour    |    67 |    11 |    25 |    48 ||   151
       Scale mail        |       |    63 |    34 |       ||    97
       Robe              |       |       |    30 |       ||    30
       Plate armour      |       |       |       |   142 ||   142
Dodge: Dodged            |   131 |    89 |   151 |   173 ||   544
Block: Other             |       |       |   117 |   231 ||   348
       Reflection        |       |       |     3 |     3 ||     6

Table legend: (Time is in decaauts)
 A = Elapsed time spent in this place.
 B = Non-inter-level travel time spent in this place.
 C = Inter-level travel time spent in this place.
 D = Time resting spent in this place.
 E = Time spent auto-exploring this place.
 F = Levels seen in this place.
 G = Mean time per level.
                   A        B        C        D        E       F      G
               +--------+--------+--------+--------+--------+-----+--------+
         Total |  14855 |  13962 |    893 |   1321 |   8849 |  15 |  990.3 |
       Dungeon |  12404 |  11530 |    874 |    612 |   7974 |  10 | 1240.4 |
        Temple |     84 |     84 |      0 |      0 |     50 |   1 |   84.0 |
          Lair |   1143 |   1125 |     18 |     68 |    795 |   2 |  571.5 |
         Sewer |    404 |    404 |      0 |    146 |      7 |   1 |  404.0 |
      Gauntlet |    818 |    818 |      0 |    495 |     22 |   1 |  818.0 |
               +--------+--------+--------+--------+--------+-----+--------+

Top non-repeatable levels by time:
     D:9: 1815 daAuts
     D:8: 1554 daAuts
     D:5: 1486 daAuts
     D:3: 1435 daAuts
     D:7: 1405 daAuts
     D:1: 1306 daAuts
     D:4: 1091 daAuts
  Lair:1: 999 daAuts
Gauntlet: 818 daAuts
     D:2: 811 daAuts
     D:6: 756 daAuts
    D:10: 742 daAuts
   Sewer: 404 daAuts
  Lair:2: 144 daAuts
  Temple: 84 daAuts
